Map: King Sejong Station LE

Players

Caoimhín

  • Race: Zerg Zerg
  • League: Gold

blackxored - Winner!

  • Race: Zerg Zerg
  • League: Platinum

VOD

Have the link to the VOD?

Description

Time

  • Played on: June 29, 2016, 7:21 p.m.
  • Length: 19:32
Show
View Real Time Build Order
Export as new Build Order

Caoimhín Zerg 

Build Orders: Pool First 

Get SALT Encoding   

  12  0:01  Drone  
  13  0:10  Drone  
  14  0:16  Overlord  
  14  0:35  Drone x3  
  17  0:46  Spawning Pool  
  17  0:49  Drone  
  17  1:00  Extractor, Drone  
  17  1:17  Hatchery  
  16  1:25  Drone x2  
  18  1:34  Queen  
  20  1:42  Overlord  
  20  1:58  Zergling x2  
  20  2:00  Zergling x2  
  22  2:04  Metabolic Boost  
  22  2:15  Queen  
  22  2:20  Roach Warren  
  23  2:23  Drone  
  24  2:37  Drone x2  
  26  3:02  Zergling x8  
  30  3:06  Overlord  
  30  3:07  Roach x2  
  34  3:24  Roach  
  34  3:25  Roach x4  
  44  3:42  Overlord x2  
  39  4:10  Roach  
  39  4:11  Roach x6  
  52  4:26  Drone  
  52  4:27  Drone x4  
  57  4:39  Spine Crawler  
  56  4:52  Queen, Evolution Chamber  
  45  5:16  Roach x7  
  51  5:28  Roach  
  53  5:33  Zergling x2  
  53  5:34  Zergling x10  
  59  5:51  Extractor  
  59  5:55  Queen  
  52  6:11  Roach  
  52  6:12  Roach x3  
  52  6:35  Roach  
  52  6:36  Roach x4  
  52  6:51  Roach  
  52  6:52  Roach x2  
  52  7:03  Drone x5, Spine Crawler  
  52  7:04  Drone  
  57  7:20  Spine Crawler  
  57  7:22  Roach  
  58  7:25  Spine Crawler  
  57  7:42  Roach  
  59  7:44  Overlord x2  
  59  7:51  Evolution Chamber  
  58  7:53  Spine Crawler  
  58  7:55  Roach  
  59  8:06  Drone x3  
  59  8:07  Drone  
  59  8:12  Ravager x2  
  65  8:17  Roach x2  
  67  8:27  Lair  
  67  8:46  Roach x4  
  75  8:55  Drone  
  76  9:09  Burrow  
  76  9:13  Overlord x2  
  76  9:14  Overlord  
  76  9:31  Drone  
  76  9:32  Drone x4  
  76  9:33  Drone  
  74  10:11  Spine Crawler  
  73  10:20  Drone x2  
  73  10:21  Drone x2  
  77  10:24  Roach x19  
  77  10:25  Roach  
  77  10:26  Roach x8  
  95  10:39  Glial Reconstitution  
  95  10:55  Ravager  
  97  10:57  Ravager  
  97  11:09  Zergling x4  
  97  11:10  Zergling x2  
  100  11:11  Overlord x2  
  100  11:19  Spore Crawler  
  99  11:30  Overlord, Roach x3  
  99  11:31  Overlord  
  99  11:32  Roach x4  
  114  11:47  Roach x2  
  98  12:08  Roach x17  
  88  12:27  Hydralisk Den  
  59  12:46  Queen  
  59  12:50  Spore Crawler  
  59  12:51  Spore Crawler x2  
  47  12:52  Spore Crawler  
  47  12:53  Spore Crawler  
  47  12:57  Spore Crawler  
  43  12:58  Spore Crawler  
  43  13:01  Spore Crawler  
  43  13:02  Spore Crawler  
  43  13:04  Ravager x3  
  43  13:05  Ravager x2  
  45  13:10  Hydralisk  
  45  13:11  Hydralisk x2  
  51  13:14  Extractor  
  51  13:17  Extractor  
  39  13:58  Hydralisk x3  
  45  14:06  Drone x2  
  45  14:07  Drone x3  
  50  14:33  Hydralisk  
  50  14:35  Drone  
  53  14:53  Hydralisk  
  55  15:05  Drone x4  
  55  15:26  Hydralisk  
  55  15:27  Hydralisk  
  57  15:35  Hydralisk  
  59  15:44  Queen  
  61  16:01  Infestation Pit  
  55  16:09  Hydralisk  
  49  16:46  Infestor  
  51  16:52  Drone x5  
  56  17:22  Hydralisk x3  
  62  17:35  Pathogen Glands  
  62  17:45  Overseer  
  62  17:53  Roach x2  
  66  18:24  Roach  
  66  18:25  Roach x4  
Show
View Real Time Build Order
Export as new Build Order

blackxored Zerg - Winner!

Build Orders: Pool First, Zergling Baneling 

Get SALT Encoding   

  12  0:01  Drone  
  13  0:10  Drone  
  14  0:23  Overlord  
  14  0:30  Extractor  
  14  0:31  Drone  
  15  0:42  Drone x2  
  17  0:56  Extractor  
  16  0:58  Spawning Pool  
  16  1:01  Drone x2  
  17  1:07  Drone  
  18  1:19  Drone  
  19  1:39  Overlord  
  19  1:43  Drone  
  20  1:47  Queen  
  22  1:59  Zergling x2, Hatchery  
  22  2:03  Zergling x2  
  23  2:09  Metabolic Boost  
  23  2:15  Zergling x2  
  25  2:30  Drone  
  25  2:31  Baneling Nest  
  25  2:33  Drone  
  25  2:35  Queen  
  27  2:44  Drone  
  28  2:56  Zergling x2  
  29  3:04  Zergling x2  
  30  3:07  Overlord  
  30  3:14  Overlord  
  30  3:20  Zergling x4  
  30  3:26  Zergling x4  
  34  3:36  Zergling x4  
  36  3:49  Baneling x2  
  36  3:50  Baneling x3  
  36  3:51  Zergling x8  
  36  3:52  Zergling x6  
  41  4:14  Zergling x8  
  45  4:19  Drone x4  
  49  4:27  Zergling x4  
  51  4:33  Overlord  
  51  4:39  Baneling x8  
  51  4:40  Baneling  
  51  4:44  Drone  
  52  4:46  Overlord x2  
  52  4:55  Zergling x12  
  43  5:14  Zergling x6  
  39  5:22  Zergling x8  
  39  5:23  Zergling x4  
  45  5:30  Baneling x7  
  45  5:35  Zergling x6  
  48  5:45  Zergling x2  
  48  5:56  Zergling x12  
  48  5:57  Zergling x4  
  47  6:03  Zergling x2  
  43  6:13  Zergling x2  
  43  6:14  Zergling x2  
  49  6:21  Zergling x12  
  49  6:22  Zergling x2  
  51  6:27  Zergling x2  
  51  6:32  Zergling x2  
  48  6:36  Queen  
  45  6:43  Zergling x4  
  45  6:51  Zergling x2  
  45  6:52  Zergling x12  
  49  6:58  Zergling x2  
  50  7:03  Drone  
  50  7:04  Evolution Chamber  
  50  7:13  Zergling x2  
  50  7:14  Zergling x2  
  50  7:22  Zergling x6  
  53  7:23  Zergling x8  
  53  7:28  Lair  
  57  7:31  Drone  
  57  7:33  Zergling x2  
  59  7:37  Baneling  
  59  7:38  Baneling x7  
  59  7:43  Zergling x2  
  60  7:49  Drone  
  60  8:00  Drone x4  
  60  8:01  Drone x2  
  66  8:12  Pneumatized Carapace  
  66  8:14  Drone  
  63  8:28  Extractor, Drone x3  
  63  8:29  Extractor, Drone x4  
  63  8:32  Hatchery  
  63  8:33  Drone x2  
  63  8:34  Drone  
  70  8:39  Extractor  
  70  8:40  Drone  
  70  8:54  Baneling x2  
  70  8:55  Baneling x2  
  70  9:24  Spire  
  69  9:30  Drone x6  
  75  9:31  Overlord  
  75  9:32  Overlord x4  
  69  10:04  Zerg Melee Weapons Level 1  
  69  10:15  Drone x4  
  69  10:16  Drone x9  
  69  10:17  Drone x2  
  69  10:20  Extractor  
  83  10:22  Extractor  
  83  10:26  Overlord x2  
  82  10:34  Drone  
  82  10:35  Drone x2  
  85  10:44  Mutalisk x5  
  85  10:47  Hatchery  
  85  10:49  Extractor, Mutalisk x3  
  97  10:50  Extractor  
  98  10:57  Mutalisk x2  
  102  11:07  Mutalisk x2  
  106  11:20  Mutalisk x2  
  106  11:25  Mutalisk  
  112  11:31  Mutalisk  
  98  12:06  Mutalisk x5  
  106  12:11  Zergling x16  
  111  12:22  Overseer  
  110  12:27  Drone x4  
  102  12:57  Evolution Chamber  
  101  13:12  Evolution Chamber  
  100  13:13  Extractor, Drone  
  100  13:14  Drone x6  
  100  13:15  Hatchery  
  100  13:17  Extractor  
  90  13:52  Zergling x14  
  90  13:53  Zergling x4  
  99  14:03  Queen  
  99  14:04  Infestation Pit  
  99  14:07  Drone x3  
  99  14:09  Hydralisk Den  
  102  14:40  Hive  
  102  14:42  Lurker Den  
  102  14:43  Hydralisk x5  
  112  14:45  Overlord  
  112  14:46  Overlord  
  101  15:37  Baneling x19  
  101  15:44  Drone x7  
  101  15:45  Drone x5  
  98  16:15  Drone  
  99  16:19  Lurker x4  
  99  16:20  Ultralisk Cavern  
  102  16:29  Zerg Melee Weapons Level 2  
  102  16:30  Zerg Ground Armor Level 1  
  102  16:32  Queen  
  104  16:34  Drone x3  
  107  17:08  Chitinous Plating  
  107  17:09  Ultralisk x2  
  119  17:18  Overlord  
  119  17:23  Overlord x3  
  119  17:39  Ultralisk  
  119  17:42  Drone x3  
  119  17:43  Drone  
  129  17:54  Ultralisk  
  133  18:28  Ultralisk x3  
  133  18:30  Zergling x2  
  136  18:49  Drone x10  
  136  18:50  Drone  
  142  18:58  Zergling x6  
Tags
 
Add a new tag
Caveats
  • Supply blocks, unpowered buildings, or Contaminate may cause inaccurate times.
  • Supply counts are checked every 10 seconds.